 Dungeon Crawl Stone Soup version 0.19-a0-957-gf4ea323 (webtiles) character file.

1282229 mibe the Warrior (level 24, 129/179 HPs)
             Began as a High Elf Conjurer on July 10, 2016.
             Was an Elder of Sif Muna.
             Escaped with the Orb
             ... and 3 runes on July 11, 2016!
             The game lasted 06:04:00 (111812 turns).

mibe the Warrior (High Elf Conjurer)              Turns: 111812, Time: 06:04:01

Health: 129/179    AC: 27    Str: 12 (13) XL:     24   Next: 6%
Magic:  46/46      EV: 23    Int: 28      God:    Sif Muna [****..]
Gold:   980        SH:  0    Dex: 21      Spells: 14 memorised, 3 levels left

rFire  + + .     SeeInvis +     w - staff of earth
rCold  + . .     Gourm    .     L - +8 ring mail of Jigsaw {rF+}
rNeg   . . .     Faith    .     (no shield)
rPois  +         Spirit   .     g - +2 helmet
rElec  .         Dismiss  .     j - +1 cloak {rPois}
rCorr  .         Reflect  .     U - +2 pair of gloves of Disguise {+Fly Str+4}
SustAt .         Harm     .     V - +2 pair of boots
MR     ++...                    P - amulet of Fallacy {RegenMP +Blink rPois rC+ Str+2}
Stlth  +.........               C - ring of see invisible
                                X - ring of protection from fire

@: very slightly contaminated, drained, very resistant to hostile enchantments,
very unstealthy
A: no striking features
a: Divine Energy, Channel Magic, Forget Spell, Renounce Religion, Evoke Blink,
Evoke Flight
0: Orb of Zot
}: 3/15 runes: barnacled, slimy, gossamer


You escaped.
You worshipped Sif Muna.
Sif Muna was greatly pleased with you.
You were not hungry.

You visited 9 branches of the dungeon, and saw 49 of its levels.
You visited 1 bazaar.
You also visited: Trove, Ossuary, Bailey and Volcano.

You collected 6084 gold pieces.
You spent 5104 gold pieces at shops.

Inventory:

Hand Weapons
 a - a +8 great sword of slicing
Armour
 g - a +2 helmet (worn)
 j - a +1 cloak of poison resistance (worn)
 L - the +8 ring mail of Jigsaw (worn) {rF+}
   (You found it on level 4 of the Depths)

   It protects you from fire.
 U - the +2 pair of gloves of Disguise (worn) {+Fly Str+4}
   (You bought it in a shop on level 2 of the Orcish Mines)

   It affects your strength (+4).
   It lets you fly.
 V - a +2 pair of boots (worn)
Magical Staves
 b - an uncursed staff of poison
 w - an uncursed staff of earth (weapon)
Jewellery
 C - a ring of see invisible (right hand)
 K - an uncursed ring of resist corrosion
 N - a +5 ring of strength
 O - an uncursed ring of sustain attributes {unknown}
 P - the amulet of Fallacy (around neck) {RegenMP +Blink rPois rC+ Str+2}
   (You found it on level 4 of the Depths)

   [amulet of magic regeneration]

   It increases your magic regeneration.
   It affects your strength (+2).
   It protects you from cold.
   It protects you from poison.
   It lets you blink.
 S - an uncursed ring of magical power
 X - a ring of protection from fire (left hand)
Wands
 e - a wand of iceblast (2/15)
 q - a wand of enslavement (12/24)
 u - a wand of teleportation (5/9)
 y - a wand of iceblast (10/15)
 Q - a wand of iceblast (10/15)
 Z - a wand of digging (2/24)
Scrolls
 d - 7 scrolls of identify
 h - a scroll of blinking
 k - a scroll of holy word
 m - 4 scrolls of fog
 p - 16 scrolls of remove curse
 v - 7 scrolls of amnesia
 G - 3 scrolls of teleportation
 M - 8 scrolls of recharging
Potions
 f - 2 potions of magic
 l - 7 potions of curing
 n - a potion of invisibility
 s - 3 potions of resistance
 z - 5 potions of brilliance
 A - 3 potions of flight
 E - 9 potions of might
 H - 4 potions of cancellation
 J - a potion of ambrosia
 R - 2 potions of agility
 T - 4 potions of cure mutation
Miscellaneous
 o - a lamp of fire
 r - a phial of floods (inert)
 x - 2 boxes of beasts
 B - 2 phantom mirrors
 I - a sack of spiders
Comestibles
 c - 8 bread rations
 F - 29 fruits
 Y - 3 beef jerkies


   Skills:
 + Level 18.5(17.6) Fighting
 - Level 16.0(15.2) Long Blades
 - Level 8.5(7.8) Armour
 + Level 16.6(15.7) Dodging
 - Level 2.1(1.6) Stealth
   Level 4.2(3.6) Shields
 - Level 18.0(17.1) Spellcasting
 - Level 16.0(15.1) Conjurations
 - Level 4.0(3.4) Hexes
 - Level 6.1(5.4) Charms
 - Level 16.7(15.8) Translocations
 - Level 7.1(6.4) Earth Magic
 - Level 11.8(11.0) Poison Magic
 - Level 10.6(9.9) Invocations
 - Level 3.5(2.8) Evocations


You had 3 spell levels left.
You knew the following spells:

 Your Spells              Type           Power        Failure   Level  Hunger
a - Passwall              Tmut/Erth      ######....   1%          2    None
b - Controlled Blink      Tloc           N/A          38%         8    ######.
c - Ozocubu's Armour      Chrm/Ice       #####...     3%          3    None
d - Iskenderun's Mystic   Conj           #######.     1%          4    None
e - Fulminant Prism       Conj/Hex       ######....   1%          4    None
f - Iskenderun's Battles  Conj/Chrm      ######..     1%          5    None
g - Poison Arrow          Conj/Pois      #######...   3%          6    ###....
h - Iron Shot             Conj/Erth      #######...   10%         6    ###....
i - Blink                 Tloc           N/A          0%          2    None
j - Apportation           Tloc           #######...   0%          1    None
k - Passage of Golubria   Tloc           N/A          1%          4    None
l - Lee's Rapid Deconstr  Erth           ######....   10%         5    None
n - Regeneration          Chrm/Necr      #####.....   3%          3    None
o - Tukima's Dance        Hex            #####...     2%          3    None


Dungeon Overview and Level Annotations

Branches:
Dungeon (15/15)            Temple (0/1) D:5            Lair (6/6) D:11
 Shoals (4/4) Lair:3       Spider (4/4) Lair:4        Slime (5/5) Lair:5
    Orc (2/2) D:12            Elf (0/3) Orc:2        Vaults (3/5) D:13
  Crypt (0/3) Vaults:2     Depths (5/5) D:15            Zot (5/5) Depths:5

Altars:
Dithmenos
Elyvilon
Fedhas
Gozag
Kikubaaqudgha
Makhleb
Okawaru
Pakellas
Sif Muna
Trog
Uskayaw
Vehumet
The Shining One
Beogh
Jiyva

Shops:
D:6 *   Orc:2 [}   Shoals:2 ?   Vaults:1 (   Depths:3 %

Portals:
Hell: Depths:1 Depths:2 Depths:3 Depths:4
Abyss: Depths:4
Pandemonium: Depths:1 Depths:3 Depths:5
Ziggurat: Depths:1

Annotations:
D:11 1 runed door
D:15 exclusions: electric eel and 4 more exclusions
Lair:5 exclusion: oklob plant
Spider:4 Mara
Vaults:3 Xtahua
Depths:2 exclusion: 3 doors
Depths:4 exclusion: 2 obsidian statues
Depths:5 exclusions: upstairs and 1 more exclusion


Message History

The Orb Guardian closely misses your larval batox beast.
Your larval batox beast barely misses the Orb Guardian.
Your larval batox beast closely misses the Orb Guardian.
The Orb Guardian hits your larval batox beast!!!
Your larval batox beast dies!
Your larval batox beast's corpse disappears in a puff of smoke!
Your hobgoblin closely misses the Orb Guardian.
Evoke which item? (* to show all) (? for menu, Esc to quit)
You reach into the bag... ...but nothing happens.
Evoke which item? (* to show all) (? for menu, Esc to quit)
Zapping:
Z - a wand of digging (3/24)
Press: ? - help, Shift-Dir - straight line The rock shatters into small pieces.
This wand has 2 charges left.
The Orb Guardian hits you! The Orb Guardian completely misses you.
The Orb Guardian hits you!
The Orb Guardian hits you but does no damage.
There is a staircase leading out of the dungeon here.
The Orb Guardian hits you! x2; Your hobgoblin misses the Orb Guardian.
You have escaped!

#######.#...# #.#..######.###
#...........# #..............
###.#####.#.#.#####.#..########..
........................###...###
###....##+#...###########.......#
####.....####...######.........
#.....##.......##......⌠....
#.....#..........##.........
#.....#....@Xg..####.......#
#.....#.........# ###...###
#.....##........#####.####..
#.....####...###.##...######
#.##'## #########.......## #
#.##.# ##....#...........# #
#.##.# #..#...##....⌠....# #
######.##.###..##.###.........# #
.......##.##(..#....##.......## #


You could see an Orb Guardian and a friendly hobgoblin.

Vanquished Creatures
  the Royal Jelly (Slime:5)
  A juggernaut (Depths:3)
  Boris (Vaults:3)
  A curse toe (Zot:4)
  Arachne (Spider:4)
  2 golden dragons
  2 bone dragons (Depths:5)
  4 liches
  An electric golem (Zot:2)
  7 tentacled monstrosities
  The ghost of moose the Eclecticist, an adept DsAE of Sif Muna (Vaults:1)
  An Orb Guardian (Zot:3)
  Asterion (Depths:1)
  3 sphinxes
  Polyphemus (Shoals:3)
  2 titans
  16 acid blobs
  An acid blob (shapeshifter) (Depths:3)
  An Executioner (Depths:1)
  4 death cobs
  3 shadow dragons
  Gastronok (Lair:3)
  4 storm dragons
  4 tengu reavers
  5 azure jellies
  3 fire giants
  Ilsuiw (Shoals:3)
  Wiglaf (D:13)
  Donald (Spider:1)
  8 frost giants
  8 vault wardens
  A draconian scorcher (Zot:2)
  2 iron dragons (Depths:3)
  2 draconian knights
  6 emperor scorpions
  A deep elf sorcerer (Vaults:2)
  A ghost moth (Spider:4)
  3 draconian shifters (Zot:2)
  2 draconian annihilators (Depths:5)
  7 ironheart preservers
  4 war gargoyles (Depths:4)
  A green draconian (Depths:5)
  An entropy weaver (shapeshifter) (D:13)
  18 very ugly things
  5 entropy weavers
  2 vampire knights
  19 stone giants
  A deep elf demonologist (Vaults:3)
  A lorocyproca (Depths:1)
  A deep elf annihilator (Vaults:3)
  2 mottled draconians
  A white draconian (Zot:2)
  2 spark wasps (Depths:3)
  6 merfolk javelineers
  5 purple draconians
  A blizzard demon (Depths:4)
  2 deep elf death magi (Vaults:2)
  7 ettins
  Snorg (D:10)
  3 death oozes
  8 merfolk impalers
  12 fire dragons
  9 crystal guardians (Depths:4)
  8 yaktaur captains
  7 great orbs of eyes
  Fannar (Lair:1)
  12 ice dragons
  12 vault guards
  8 rakshasas
  2 spriggan air magi
  14 hydras
  A queen ant (Spider:1)
  4 death knights
  2 merfolk aquamancers
  A queen ant (shapeshifter) (Depths:4)
  9 centaur warriors
  18 dancing weapons (Depths:4)
  12 ogre magi
  A catoblepas (Shoals:3)
  5 tengu warriors
  6 deep troll shamans
  A satyr (Shoals:4)
  5 orc high priests (Orc:2)
  4 vampire magi
  2 death yaks
  A small abomination (Vaults:1)
  8 deep troll earth magi
  A titan zombie (Depths:2)
  The ghost of Huckle the Gouger, a journeyman FeTm of Ru (Lair:2)
  A hell knight (Volcano)
  Urug (D:12)
  A spriggan berserker (Depths:5)
  A shock serpent (Depths:4)
  5 deep elf knights
  13 skeletal warriors
  4 shadow wraiths
  A flayed ghost (Vaults:1)
  A storm dragon skeleton (Vaults:3)
  A spark wasp zombie (Depths:3)
  A golden dragon zombie (D:15)
  27 deep trolls
  7 unseen horrors
  4 wizards
  14 ironbrand convokers
  2 obsidian statues (Depths:4)
  4 lindwurms (D:14)
  6 sea snakes
  Pikel (D:8)
  A deep troll (shapeshifter) (Depths:4)
  A spectral wolf spider (Spider:4)
  11 hill giants
  24 orc knights
  6 phantasmal warriors
  4 deep elf magi
  8 harpies
  3 deep elf archers
  10 giant orange brains
  5 necromancers
  8 orb spiders
  A frost giant zombie (D:15)
  5 fauns
  54 ugly things
  A mana viper (shapeshifter) (Depths:4)
  A stone giant zombie (D:15)
  35 wolf spiders
  A salamander (shapeshifter) (Depths:4)
  4 shining eyes
  6 orc sorcerers
  A hornet (shapeshifter) (Vaults:1)
  12 manticores
  11 griffons
  12 hornets
  A cyclops (shapeshifter) (Vaults:1)
  An elephant (shapeshifter) (D:14)
  A faun (shapeshifter) (Depths:4)
  12 moths of wrath
  2 sixfirhies
  2 human skeletons (Vaults:2)
  16 cyclopes
  6 elephants
  An eye of devastation (shapeshifter) (Vaults:1)
  4 frost giant skeletons
  A rust devil (Depths:3)
  19 vault sentinels
  A fire giant skeleton (Vaults:2)
  2 black mambas (shapeshifter)
  A guardian serpent (shapeshifter) (Depths:4)
  4 stone giant skeletons
  3 gargoyles
  2 water nymphs (Shoals:2)
  5 black mambas
  12 sirens
  6 molten gargoyles
  4 eyes of devastation
  11 spiny frogs
  7 torpor snails
  A spiny frog (shapeshifter) (D:13)
  2 spectral redbacks (Spider:4)
  A rime drake (shapeshifter) (Depths:4)
  4 freezing wraiths
  6 komodo dragons
  9 kobold demonologists
  A rime drake (Lair:5)
  45 yaktaurs
  A hellwing (Depths:1)
  4 tengu conjurers
  13 trolls
  19 demonic crawlers
  27 jumping spiders
  A red devil (Volcano)
  19 merfolk
  5 yaktaur skeletons
  A polar bear (Lair:5)
  16 two-headed ogres
  3 meliai (D:14)
  A jumping spider (shapeshifter) (Depths:4)
  3 spectral hornets (Spider:4)
  8 giant leeches
  2 tarantella zombies (Spider:4)
  3 wind drakes
  3 spectral tarantellas (Spider:4)
  A sphinx simulacrum (Depths:3)
  A two-headed ogre (shapeshifter) (Vaults:3)
  Grinder (D:5)
  82 slime creatures
  A spriggan zombie (Depths:2)
  7 blink frogs
  3 boulder beetles
  6 snapping turtles
  A hornet zombie (Spider:4)
  21 tarantellas
  Sigmund (D:4)
  A spriggan (shapeshifter) (Depths:4)
  A tarantella (shapeshifter) (Vaults:1)
  23 water elementals
  66 redbacks
  8 shadows
  35 yaks
  4 vampires
  7 air elementals
  A wyvern (shapeshifter) (Depths:4)
  11 wraiths
  A deep troll skeleton (D:15)
  A human (D:7)
  A hog (D:7)
  A fire bat (shapeshifter) (Depths:4)
  13 hippogriffs
  A ynoxinul (Depths:1)
  5 fire elementals (Depths:4)
  2 golden eyes (Slime:5)
  Grum (D:8)
  2 wyverns
  2 fire bats (Volcano)
  A hog (shapeshifter) (Depths:5)
  2 humans (shapeshifter)
  5 hungry ghosts
  A basilisk (shapeshifter) (Vaults:1)
  A hippogriff (shapeshifter) (Vaults:3)
  A yak (shapeshifter) (Depths:4)
  2 neqoxecs (Depths:1)
  4 basilisks
  5 human simulacra
  9 vampire mosquitoes
  2 mottled dragons
  A warg (shapeshifter) (Depths:3)
  4 wargs
  22 soldier ants (Spider:1)
  2 hell hounds (Volcano)
  15 water moccasins
  3 giant eyeballs (shapeshifter)
  A giant eyeball (Depths:5)
  7 sky beasts
  7 porcupines
  63 orc warriors
  4 wasps
  8 ice beasts
  2 slaves (D:8)
  9 eyes of draining
  6 phantoms
  2 necrophages
  16 wolves
  An orc skeleton (Vaults:2)
  56 ogres
  17 boggarts
  A boggart (shapeshifter) (Depths:4)
  A centaur (shapeshifter) (Depths:4)
  17 centaurs
  10 crocodiles
  8 big kobolds
  3 elf zombies
  14 giant frogs
  An ogre simulacrum (Vaults:1)
  5 earth elementals (Depths:4)
  4 scorpions
  5 killer bees
  8 wights
  2 vampire bats (D:3)
  7 howler monkeys
  3 electric eels (D:11)
  14 crimson imps
  A human zombie (Ossuary)
  2 giant frog zombies
  7 centaur zombies
  A quasit (D:14)
  9 jellies
  23 orc wizards
  40 orc priests
  2 giant frog skeletons
  7 hounds
  4 centaur skeletons
  12 iguanas
  30 worker ants
  Natasha (thrice) (D:2)
  30 sheep
  2 big kobold zombies (Ossuary)
  2 hound zombies
  A hound skeleton (D:8)
  3 mummies
  2 worker ant zombies
  13 gnolls
  11 adders
  90 river rats
  6 shadow imps
  4 oozes
  2 adder skeletons
  4 adder zombies
  5 worms
  2 ball lightnings (Depths:4)
  2 dart slugs
  10 giant geckos
  124 orcs
  2 bat skeletons (D:3)
  3 bat zombies (D:3)
  5 giant cockroaches
  16 goblins
  12 hobgoblins
  15 jackals
  8 quokkas
  3 ball pythons
  8 bats
  A giant gecko skeleton (D:4)
  4 giant newts
  9 hobgoblin zombies (Ossuary)
  3 jackal zombies
  68 kobolds
  4 kobold zombies (Ossuary)
  11 orc zombies (Ossuary)
  3 rats
  2 rat zombies (Ossuary)
  A crawling corpse (Vaults:2)
  2 fungi
2344 creatures vanquished.

Vanquished Creatures (collateral kills)
  An acid blob (Slime:5)
  A draconian scorcher (Zot:2)
  A purple draconian (Zot:2)
  A merfolk (Shoals:3)
  A soldier ant (Spider:1)
5 creatures vanquished.

Vanquished Creatures (others)
  A death cob (Zot:2)
  A very ugly thing (Depths:4)
  A spiny frog (Lair:5)
  A jumping spider (Spider:1)
  3 air elementals (Depths:4)
  A golden eye (shapeshifter) (Depths:4)
  An ogre (Depths:1)
  A boggart (Vaults:1)
  A scorpion (D:8)
  A hound (D:7)
  11 ball lightnings (Depths:4)
  An orc (D:8)
  A giant newt (D:7)
  A bush (D:14)
  An eldritch tentacle segment (D:5)
  16 fulminant prisms
  10 fungi (Lair:2)
  38 plants
  6 withered plants (D:15)
97 creatures vanquished.

Grand Total: 2446 creatures vanquished

Notes
Turn   | Place    | Note
-------+----------+-------------------------------------------
     0 | D:1      | mibe the High Elf Conjurer began the quest for the Orb.
     0 | D:1      | Reached XP level 1. HP: 11/11 MP: 4/4
   450 | D:1      | Reached XP level 2. HP: 17/17 MP: 2/6
   771 | D:1      | Learned a level 2 spell: Searing Ray
   978 | D:1      | Reached skill level 5 in Conjurations
  1343 | D:2      | Reached XP level 3. HP: 21/21 MP: 6/8
  1574 | D:2      | Learned a level 3 spell: Dazzling Spray
  1749 | D:2      | Found a deep blue altar of Sif Muna.
  1756 | D:2      | Became a worshipper of Sif Muna the Loreminder
  1826 | D:2      | Noticed Natasha
  1846 | D:2      | Killed Natasha
  1846 | D:2      | Reached skill level 1 in Hexes
  1846 | D:2      | Reached XP level 4. HP: 25/27 MP: 3/10
  2344 | D:2      | Noticed Natasha
  2349 | D:2      | Killed Natasha
  2349 | D:2      | Reached XP level 5. HP: 31/31 MP: 7/12
  2411 | D:2      | Learned a level 4 spell: Iskenderun's Mystic Blast
  2618 | D:2      | Noticed Natasha
  2634 | D:2      | Killed Natasha
  2929 | D:3      | Found a white marble altar of Elyvilon.
  3104 | D:3      | Reached * piety under Sif Muna
  3110 | D:3      | Found an ancient bone altar of Kikubaaqudgha.
  3117 | D:3      | Reached XP level 6. HP: 33/36 MP: 3/13
  3279 | D:3      | Found a bloodstained altar of Trog.
  3614 | D:3      | Reached skill level 5 in Spellcasting
  3622 | D:3      | Learned a level 4 spell: Fulminant Prism
  4555 | D:4      | Reached XP level 7. HP: 41/41 MP: 11/16
  4897 | D:4      | Found an oddly glowing altar of Pakellas.
  5186 | D:4      | Noticed Sigmund
  5211 | D:4      | Killed Sigmund
  5211 | D:4      | Reached ** piety under Sif Muna
  5384 | D:4      | Found an opulent altar of Gozag.
  5777 | D:5      | Entered Level 5 of the Dungeon
  5813 | D:5      | Reached XP level 8. HP: 46/46 MP: 9/18
  5820 | D:5      | Learned a level 5 spell: Iskenderun's Battlesphere
  5934 | D:5      | Reached skill level 1 in Charms
  6219 | D:5      | Found a staircase to the Ecumenical Temple.
  6321 | D:5      | Found a radiant altar of Vehumet.
  6776 | D:5      | Noticed Grinder
  6782 | D:5      | Killed Grinder
  6782 | D:5      | Reached *** piety under Sif Muna
  7194 | D:6      | Reached skill level 1 in Shields
  7194 | D:6      | Reached skill level 1 in Invocations
  7206 | D:6      | Found Byturh Bijin's Assorted Antiques.
  7268 | D:6      | Bought a glowing leather armour for 50 gold pieces
  7941 | D:6      | Found an iron altar of Okawaru.
  8015 | D:6      | Found a hide-covered altar of Uskayaw.
  8082 | D:6      | Reached XP level 9. HP: 50/50 MP: 15/19
  8951 | D:7      | Found a sand-covered staircase.
  8997 | Ossuary  | Entered an ossuary
  9213 | Ossuary  | Reached skill level 5 in Invocations
  9643 | D:7      | Found a burning altar of Makhleb.
 10372 | D:7      | Reached **** piety under Sif Muna
 10816 | D:8      | Found a shadowy altar of Dithmenos.
 10980 | D:8      | Noticed Grum
 11134 | D:8      | Noticed Pikel
 11142 | D:8      | Killed Pikel
 11142 | D:8      | Reached XP level 10. HP: 55/55 MP: 5/20
 11449 | D:8      | Killed Grum
 12582 | D:9      | Reached skill level 10 in Invocations
 12760 | D:9      | Found a flagged portal.
 12793 | Bailey   | Entered a bailey
 12955 | Bailey   | Noticed an orc knight
 13124 | Bailey   | Killed an orc knight
 13833 | D:9      | Found a glowing golden altar of the Shining One.
 13988 | D:9      | Found a blossoming altar of Fedhas.
 14190 | D:10     | Entered Level 10 of the Dungeon
 14857 | D:10     | Noticed Snorg
 14940 | D:10     | Reached skill level 5 in Dodging
 15083 | D:10     | Killed Snorg
 15083 | D:10     | Reached XP level 11. HP: 36/69 MP: 0/21
 15739 | D:11     | Reached skill level 5 in Fighting
 15829 | D:11     | Noticed a hill giant
 16007 | D:11     | Killed a hill giant
 16305 | D:11     | Noticed a hill giant
 16316 | D:11     | Killed a hill giant
 16517 | D:11     | Found a staircase to the Lair.
 17003 | D:11     | Noticed a red ugly thing
 17013 | D:11     | Killed a red ugly thing
 17187 | D:11     | Reached skill level 10 in Conjurations
 17210 | D:11     | Found a portal to a secret trove of treasure.
 17296 | D:11     | Found a white marble altar of Elyvilon.
 17297 | D:11     | Found a runed door.
 17297 | D:11     | Noticed an angel
 17308 | D:11     | Noticed a hill giant
 17314 | D:11     | Killed a hill giant
 17500 | D:11     | Reached ***** piety under Sif Muna
 17675 | Lair:1   | Entered Level 1 of the Lair of Beasts
 17675 | Lair:1   | Noticed Fannar
 17689 | Lair:1   | Killed Fannar
 17905 | Lair:1   | Received a gift from Sif Muna
 17912 | Lair:1   | Identified Sif Muna's Guide on Good Luck and Hexes (Sif Muna gifted it to you on level 1 of the Lair of Beasts)
 18595 | Lair:1   | Reached XP level 12. HP: 78/78 MP: 14/25
 20028 | Lair:2   | Noticed Huckle's ghost (journeyman FeTm)
 20925 | Lair:2   | Killed Huckle's ghost
 21209 | Lair:2   | Reached skill level 10 in Spellcasting
 21847 | Lair:3   | Noticed a seven-headed hydra
 21858 | Lair:3   | Killed a seven-headed hydra
 21864 | Lair:3   | Found a staircase to the Shoals.
 21885 | Lair:3   | Noticed Gastronok
 22462 | Lair:3   | Got a shadowed robe
 22473 | Lair:3   | Identified the +1 robe "Ukhlocad" {rElec Str+3 Dex+3} (You found it on level 3 of the Lair of Beasts)
 22903 | Lair:3   | Killed Gastronok
 23616 | Lair:4   | Found a dark tunnel.
 23637 | Volcano  | Entered a volcano
 23843 | Volcano  | Found a radiant altar of Vehumet.
 23992 | Volcano  | Reached XP level 13. HP: 72/88 MP: 12/28
 24404 | Lair:4   | Learned a level 6 spell: Poison Arrow
 24465 | Lair:4   | Got a clouded gossamer ring
 24467 | Lair:4   | Identified the ring "Anielicw" {Fire rElec MR+ Str-3 Dex+2} (You found it on level 4 of the Lair of Beasts)
 24567 | Lair:4   | Reached skill level 1 in Poison Magic
 24568 | Lair:4   | Found a hole to the Spider Nest.
 25477 | Lair:5   | Received a gift from Sif Muna
 25485 | Lair:5   | Identified Sif Muna's Compendium of Earthen Hexes (Sif Muna gifted it to you on level 5 of the Lair of Beasts)
 25627 | Lair:5   | Learned a level 6 spell: Iron Shot
 25683 | Lair:5   | Found a staircase to the Slime Pits.
 26093 | Lair:6   | Entered Level 6 of the Lair of Beasts
 26205 | Lair:5   | Reached skill level 5 in Poison Magic
 28423 | Lair:6   | Reached skill level 1 in Earth Magic
 28579 | Lair:6   | Found a runed door.
 28735 | Lair:6   | Got a twisted robe
 29906 | Lair:6   | Reached XP level 14. HP: 61/94 MP: 3/29
 30333 | Lair:6   | Reached skill level 5 in Earth Magic
 30551 | D:11     | Identified the +2 robe "Ikual" {rC+} (You found it on level 6 of the Lair of Beasts)
 30903 | D:11     | Received a gift from Sif Muna
 30920 | D:11     | Identified Sif Muna's Reference Book on the Voyage and Air (Sif Muna gifted it to you on level 11 of the Dungeon)
 30924 | D:11     | Learned a level 2 spell: Blink
 31089 | D:12     | Found a staircase to the Orcish Mines.
 31120 | D:12     | Noticed Urug
 31531 | D:12     | Killed Urug
 32422 | Orc:1    | Entered Level 1 of the Orcish Mines
 33106 | Orc:1    | Found a roughly hewn altar of Beogh.
 33666 | Orc:2    | Entered Level 2 of the Orcish Mines
 34208 | Orc:2    | Found a staircase to the Elven Halls.
 35189 | Orc:2    | Received a gift from Sif Muna
 35833 | Orc:2    | Learned a level 1 spell: Apportation
 37798 | Orc:2    | Found Ruthreh's Gadget Emporium.
 37801 | Orc:2    | Found Carry's Book Emporium.
 37802 | Orc:2    | Found Rety Hel's Food Emporium.
 37803 | Orc:2    | Found Vukoupho's Armour Shoppe.
 37811 | Orc:2    | Bought the +2 pair of gloves of Disguise {+Fly Str+4} for 416 gold pieces
 38050 | D:13     | Reached skill level 1 in Armour
 39234 | D:13     | Reached XP level 15. HP: 101/101 MP: 1/31
 39572 | D:13     | Received a gift from Sif Muna
 39581 | D:13     | Identified Sif Muna's Tome of Fiery Dark Arts (Sif Muna gifted it to you on level 13 of the Dungeon)
 40135 | D:13     | Found a gate to the Vaults.
 40552 | D:14     | Reached skill level 10 in Fighting
 42149 | D:15     | Entered Level 15 of the Dungeon
 42343 | D:14     | Reached skill level 1 in Evocations
 46235 | Spider:1 | Entered Level 1 of the Spider Nest
 46235 | Spider:1 | Noticed Donald
 46243 | Spider:1 | Killed Donald
 47516 | Spider:1 | Identified a scroll of acquirement
 48236 | Spider:1 | Reached XP level 16. HP: 100/112 MP: 22/35
 48812 | Lair:4   | Received a gift from Sif Muna
 48813 | Lair:4   | Identified Sif Muna's Almanac of Burning Poison (Sif Muna gifted it to you on level 4 of the Lair of Beasts)
 49379 | Spider:1 | Reached skill level 15 in Spellcasting
 54074 | Spider:4 | Entered Level 4 of the Spider Nest
 54353 | Spider:4 | Received a gift from Sif Muna
 54360 | Spider:4 | Learned a level 4 spell: Passage of Golubria
 54490 | Spider:4 | Reached skill level 1 in Translocations
 55035 | Spider:4 | Noticed Mara
 55043 | Spider:4 | Noticed Arachne
 55240 | Shoals:1 | Entered Level 1 of the Shoals
 55912 | Shoals:3 | Noticed Ilsuiw
 56317 | Shoals:2 | Found Tiagodar's Magic Scroll Shoppe.
 56337 | Shoals:2 | Bought a scroll of teleportation for 60 gold pieces
 56337 | Shoals:2 | Bought a scroll of magic mapping for 70 gold pieces
 56337 | Shoals:2 | Bought a scroll of magic mapping for 70 gold pieces
 56546 | Shoals:3 | Noticed Polyphemus
 56558 | Shoals:2 | Reached XP level 17. HP: 117/117 MP: 30/39
 56578 | Shoals:2 | Reached skill level 10 in Dodging
 58107 | Shoals:3 | Killed Polyphemus
 59381 | Shoals:4 | Entered Level 4 of the Shoals
 60140 | Shoals:3 | Killed Ilsuiw
 60768 | Shoals:4 | Got a barnacled rune of Zot
 60996 | Vaults:1 | Entered Level 1 of the Vaults
 61720 | Vaults:1 | Learned a level 5 spell: Lee's Rapid Deconstruction
 62455 | Vaults:1 | Noticed moose's ghost (adept DsAE)
 63270 | Vaults:1 | Noticed Wiglaf
 63745 | D:13     | Killed Wiglaf
 64914 | D:13     | Reached skill level 10 in Poison Magic
 64996 | D:13     | Reached XP level 18. HP: 110/128 MP: 29/40
 65267 | Vaults:1 | Killed moose's ghost
 65801 | Vaults:1 | Received a gift from Sif Muna
 65844 | Vaults:1 | Identified Sif Muna's Reference Book on Lethal Bewitchment (Sif Muna gifted it to you on level 1 of the Vaults)
 68133 | Vaults:1 | Paralysed by a hornet for 2 turns
 69997 | Vaults:1 | Found Xecku's Weapon Boutique.
 70483 | Vaults:2 | Learned a level 2 spell: Passwall
 70490 | Vaults:2 | Found a white marble altar of Elyvilon.
 72819 | Vaults:2 | Reached skill level 15 in Fighting
 74517 | Vaults:2 | Found a staircase to the Crypt.
 74764 | Vaults:2 | Reached XP level 19. HP: 139/139 MP: 23/41
 75305 | D:6      | Bought a runed scimitar for 100 gold pieces
 75636 | Shoals:2 | Reached skill level 1 in Long Blades
 75656 | Shoals:2 | Bought a scroll of recharging for 190 gold pieces
 75656 | Shoals:2 | Bought a scroll of brand weapon for 400 gold pieces
 76485 | Vaults:2 | Reached skill level 5 in Long Blades
 76777 | Vaults:2 | Paralysed by an orc sorcerer for 5 turns
 79057 | Vaults:3 | Reached skill level 10 in Long Blades
 79432 | Vaults:3 | Noticed Xtahua
 81669 | Vaults:3 | Reached skill level 15 in Conjurations
 81917 | Vaults:3 | Noticed Boris
 81969 | Vaults:3 | Killed Boris
 82681 | Vaults:3 | Received a gift from Sif Muna
 83094 | Vaults:3 | Identified Afuzua's Catalogue of Evil and Combat Magic (Sif Muna gifted it to you on level 3 of the Vaults)
 83136 | Vaults:3 | Reached XP level 20. HP: 138/147 MP: 28/42
 83680 | Spider:4 | Killed Arachne
 83680 | Spider:4 | Reached skill level 5 in Armour
 84048 | Spider:4 | Paralysed by a hornet for 2 turns
 84896 | Spider:4 | Got a gossamer rune of Zot
 85397 | Lair:1   | Learned a level 3 spell: Regeneration
 85589 | Slime:1  | Entered Level 1 of the Pits of Slime
 86309 | Slime:2  | Gained mutation: You occasionally shout uncontrollably at your foes. [a shining eye]
 87445 | Slime:5  | Entered Level 5 of the Pits of Slime
 87932 | Slime:5  | Noticed the Royal Jelly
 89021 | Slime:5  | Found a viscous altar of Jiyva.
 89644 | Orc:2    | Bought 4 fruits for 84 gold pieces
 89644 | Orc:2    | Bought a meat ration for 70 gold pieces
 89644 | Orc:2    | Bought a bread ration for 70 gold pieces
 89644 | Orc:2    | Bought a meat ration for 70 gold pieces
 89644 | Orc:2    | Bought a meat ration for 70 gold pieces
 89644 | Orc:2    | Bought a bread ration for 70 gold pieces
 89644 | Orc:2    | Bought a beef jerky for 21 gold pieces
 89644 | Orc:2    | Bought a royal jelly for 28 gold pieces
 89644 | Orc:2    | Bought a meat ration for 70 gold pieces
 89644 | Orc:2    | Bought a meat ration for 70 gold pieces
 89644 | Orc:2    | Bought a bread ration for 70 gold pieces
 89644 | Orc:2    | Bought a meat ration for 70 gold pieces
 90449 | Slime:5  | here we go
 90465 | Slime:5  | Killed the Royal Jelly
 90700 | Slime:5  | Reached XP level 21. HP: 127/155 MP: 27/43
 90790 | Slime:5  | Learned a level 3 spell: Tukima's Dance
 90790 | Slime:5  | Was placed under penance by Sif Muna
 90791 | Slime:5  | woops
 90822 | Slime:5  | Got a slimy rune of Zot
 90829 | Slime:5  | Got a fine leather armour
 90840 | Slime:5  | Identified the cursed +1 leather armour of Gravity {rPois Regen+} (You found it on level 5 of the Pits of Slime)
 91298 | D:11     | You showed the slimy rune of Zot to enter a treasure trove
 91299 | Trove    | Entered a treasure trove
 91312 | Trove    | Identified Fempasmi's Incunabulum of Talismans and Malediction
 91318 | Trove    | Identified Sif Muna's Reference Book on the Blaze and Enhancements
 91327 | Trove    | Identified Vuymastre's Grimoire of Stones
 91343 | Trove    | Identified Sif Muna's Incunabulum of Fire and Dark Arts
 91353 | Trove    | Identified Sif Muna's Tome of Mutualism
 91362 | Trove    | Identified Norresh's Compendium of Sinister Rituals and Companions
 91391 | D:11     | Learned a level 3 spell: Ozocubu's Armour
 91847 | D:15     | Found a staircase to the Depths.
 92518 | Depths:1 | Entered Level 1 of the Depths
 92520 | Depths:1 | Paralysed by a vampire knight for 2 turns
 93345 | Depths:1 | Noticed Asterion
 93352 | Depths:1 | Killed Asterion
 93758 | Depths:1 | Found a gateway to a ziggurat.
 94307 | Depths:1 | Was forgiven by Sif Muna
 94419 | Depths:1 | Found a gateway to Hell.
 95494 | Vaults:2 | Learned a level 2 spell: Passwall
 95653 | Lair:1   | Learned a level 8 spell: Controlled Blink
 95953 | Depths:1 | Found a one-way gate leading to the halls of Pandemonium.
 96176 | Depths:2 | Found a flickering gateway to a bazaar.
 96197 | Bazaar   | Entered a bazaar
 96198 | Bazaar   | Found Yshifisch's Distillery.
 96198 | Bazaar   | Found Vosch's Magic Scroll Boutique.
 96199 | Bazaar   | Found Ojanwucs's Gadget Emporium.
 96228 | Bazaar   | Found Cuhitz's Armour Emporium.
 96236 | Bazaar   | Bought a +2 helmet for 297 gold pieces
 96236 | Bazaar   | Bought a +0 cloak of poison resistance for 153 gold pieces
 96247 | Bazaar   | Bought a potion of curing for 30 gold pieces
 96247 | Bazaar   | Bought a potion of invisibility for 80 gold pieces
 96247 | Bazaar   | Bought a potion of brilliance for 40 gold pieces
 96247 | Bazaar   | Bought a potion of flight for 30 gold pieces
 96247 | Bazaar   | Bought a potion of heal wounds for 50 gold pieces
 96247 | Bazaar   | Bought a potion of brilliance for 40 gold pieces
 96247 | Bazaar   | Bought a potion of might for 40 gold pieces
 96247 | Bazaar   | Bought a potion of cancellation for 80 gold pieces
 96247 | Bazaar   | Bought a potion of heal wounds for 50 gold pieces
 96259 | Bazaar   | Bought a sack of spiders for 200 gold pieces
 96436 | D:13     | Reached skill level 5 in Translocations
 97229 | Depths:2 | Paralysed by a sphinx for 6 turns
 98646 | Depths:3 | Reached skill level 10 in Translocations
 98992 | Depths:3 | Reached XP level 22. HP: 141/162 MP: 45/45
 99226 | Depths:3 | Found Ruofigyq's Food Shop.
 99574 | Depths:3 | Received a gift from Sif Muna
 99579 | Depths:3 | Identified Uguammol's Collected Works on Battle Magic (Sif Muna gifted it to you on level 3 of the Depths)
 99696 | Depths:3 | Found Hajydais's Food Shoppe.
 99754 | Depths:3 | Noticed a juggernaut
100043 | Depths:3 | Killed a juggernaut
100689 | Depths:3 | You fall through a shaft for 2 floors!
100689 | Depths:5 | Entered Level 5 of the Depths
101744 | Depths:4 | Reached skill level 15 in Long Blades
101896 | Depths:4 | Received a gift from Sif Muna
104045 | Depths:4 | Got a jewelled dagger
104046 | Depths:4 | Identified the +5 dagger "Moril" {speed, rPois rN+} (You found it on level 4 of the Depths)
104089 | Depths:4 | Identified the +8 ring mail of Jigsaw {rF+} (You found it on level 4 of the Depths)
104090 | Depths:4 | good ring mail but not for me
104277 | Depths:4 | Found a one-way gate to the infinite horrors of the Abyss.
104290 | Depths:4 | Got a flickering ivory amulet
104291 | Depths:4 | Identified the amulet of Fallacy {RegenMP +Blink rPois rC+ Str+2} (You found it on level 4 of the Depths)
104420 | Depths:4 | Identified the +4 rapier of Iloleil {venom, rElec rN++} (You found it on level 4 of the Depths)
104700 | Depths:3 | Noticed a golden dragon
104705 | Depths:3 | Killed a golden dragon
104710 | Depths:3 | Reached XP level 23. HP: 168/168 MP: 27/46
104818 | Depths:3 | Reached skill level 15 in Translocations
105673 | Depths:3 | Received a gift from Sif Muna
107661 | Depths:5 | Found a gate to the Realm of Zot.
107667 | Depths:5 | Reached skill level 15 in Dodging
108430 | D:6      | Bought a potion of agility for 100 gold pieces
108430 | D:6      | Bought a large wooden ring for 125 gold pieces
108430 | D:6      | Bought a potion of haste for 250 gold pieces
108430 | D:6      | Bought a box of beasts for 500 gold pieces
108430 | D:6      | Bought a scroll of fog for 50 gold pieces
108430 | D:6      | Bought a scroll of identify for 50 gold pieces
108430 | D:6      | Bought a potion of might for 100 gold pieces
108430 | D:6      | Bought a scroll of teleportation for 75 gold pieces
108430 | D:6      | Bought a scroll of identify for 50 gold pieces
108802 | Depths:3 | Bought a bread ration for 50 gold pieces
108802 | Depths:3 | Bought a bread ration for 50 gold pieces
108802 | Depths:3 | Bought a beef jerky for 15 gold pieces
108802 | Depths:3 | Bought a bread ration for 50 gold pieces
108802 | Depths:3 | Bought a beef jerky for 15 gold pieces
108802 | Depths:3 | Bought a meat ration for 50 gold pieces
108802 | Depths:3 | Bought a royal jelly for 20 gold pieces
108802 | Depths:3 | Bought a meat ration for 50 gold pieces
108802 | Depths:3 | Bought a bread ration for 50 gold pieces
108802 | Depths:3 | Bought a bread ration for 50 gold pieces
108802 | Depths:3 | Bought a bread ration for 50 gold pieces
108802 | Depths:3 | Bought a royal jelly for 20 gold pieces
108802 | Depths:3 | Bought 5 fruits for 75 gold pieces
108802 | Depths:3 | Bought a bread ration for 50 gold pieces
108873 | Zot:1    | Entered Level 1 of the Realm of Zot
109718 | Zot:2    | ...
110115 | Zot:2    | what the fuck
110688 | Zot:4    | Noticed a curse toe
110695 | Zot:4    | Killed a curse toe
110780 | Zot:5    | Entered Level 5 of the Realm of Zot
110969 | Zot:4    | Reached XP level 24. HP: 156/179 MP: 31/46
111181 | Zot:5    | Noticed an orb of fire
111183 | Zot:5    | Noticed an orb of fire
111184 | Zot:5    | Noticed an ancient lich
111184 | Zot:5    | Noticed an ancient lich
111185 | Zot:5    | Noticed an ancient lich
111185 | Zot:5    | Noticed an ancient lich
111187 | Zot:5    | Noticed an ancient lich
111187 | Zot:5    | Noticed an orb of fire
111188 | Zot:5    | Gained mutation: Scrolls take you a little longer to read. [an orb of fire]
111189 | Zot:5    | Noticed an orb of fire
111196 | Zot:5    | Got the Orb of Zot
111250 | Zot:3    | Gained mutation: You regenerate slowly when monsters are visible. [mutagenic glow]
111319 | Zot:1    | Lost mutation: Scrolls take you a little longer to read. [mutagenic glow]
111558 | D:13     | Gained mutation: Scrolls take you a little longer to read. [mutagenic glow]
111560 | D:13     | Lost mutation: You occasionally shout uncontrollably at your foes. [potion of cure mutation]
111560 | D:13     | Lost mutation: You regenerate slowly when monsters are visible. [potion of cure mutation]
111560 | D:13     | Lost mutation: Scrolls take you a little longer to read. [potion of cure mutation]
111741 | D:5      | Noticed Ziluvuecad the pandemonium lord
111812 | D:$      | Escaped with the Orb!

Vault maps used:
D:1:      dpeg_arrival_three_same_balls
D:2:      old_standard_altar, first_bread, uniq_natasha
D:3:      bloody_trog, old_standard_altar, kennysheep_vampire_church,
          gup_sewer_entry_bubbles, nrook_mini_vaults
D:4:      grunt_pakellas_mercury, grunt_gozag_breadcrumbs, uniq_sigmund
D:5:      kennysheep_big_flooded_room, overflow_temple_1_default, uniq_grinder
D:6:      eat_drink_and_be_merry_uskayaw, lemuel_round_altar, serial_shops,
          nicolae_shop_crystal, serial_park_tiny_1, nicolae_zen_rock_garden,
          hangedman_decor_lopped
D:7:      overflow_temple_1_default, gup_ossuary_entry_pyramid, grunt_livestock
D:8:      nicolae_dithmenos_the_darkroom, serial_co_window_serial,
          co_window_corner_a, co_window_corner_a, co_window_of_opportunity_a,
          co_window_corner_a, co_window_corner_a, co_window_paths_a,
          co_window_of_opportunity_a, co_window_of_opportunity_a,
          co_window_corner_a, co_window_paths_c, co_window_broadway_a,
          co_window_of_opportunity_c, co_window_corner_b, co_window_broadway_a,
          co_window_corner_b, glass_columns_a, grunt_decor_cap, uniq_pikel,
          uniq_grum
D:9:      tso_altar, fedhas_altar_fruit_tree, enter_bailey_3,
          roderic_bipointed_swastika, minmay_bent
D:10:     uniq_snorg
D:11:     erik_lair_island, enter_trove_3, lemuel_angel_altar
D:12:     david_orc_3, uniq_urug
D:13:     erik_vaults_2, onia_ninara_dug_in_and_dangerous
D:14:     serial_park_paths, minmay_lindwurm_lava
D:15:     gammafunk_depths_entry_grave, minmay_misc_feat_roman,
          minmay_misc_feat_alley
Lair:1:   minmay_holes, st_stairs_3, uniq_fannar
Lair:2:   bh_chokoban, grunt_megastairs_3, infiniplex_staircase_pool
Lair:3:   elwin_shoals_entry_rocks, grunt_megastairs_4, uniq_gastronok
Lair:4:   spider_nest_entry_web_field, nicolae_volcano_entry_hallway,
          lemuel_fruit_fields, bh_autumn_forest_stairs
Lair:5:   nicolae_slime_entry_slimehenge
Lair:6:   wormcave, serial_bayou_shore_b, grunt_megastairs_1,
          infiniplex_staircase_pool_2
Shoals:1: serial_shops, nicolae_shop_stone
Shoals:2: serial_shops, nicolae_shop_statue_plus, hangedman_shoals_cup_caves
Shoals:3: uniq_ilsuiw, uniq_polyphemus
Shoals:4: shoals_end_grunt_garden, shoal_ilsuiw, serial_shops,
          nicolae_shop_behind_doors
Spider:1: minivault_29, uniq_donald
Spider:2: uniq_nikola
Spider:3: spiders_nest_scorpion_pit, uniq_aizul, uniq_azrael
Spider:4: floodkiller_spider_rune_tomb, hangedman_spider_mandibles,
          guppyfry_spider_mini_3, uniq_mara, uniq_arachne
Orc:1:    basic_altar
Orc:2:    st_orc_pillars, mines4_lemuel
Vaults:1: vaults_standard_mumra_x, nicolae_vaults_little_ls,
          nicolae_vaults_alarming, vaults_standard_mumra_lines,
          nicolae_vaults_quartermaster, dpeg_vaults_monster_box,
          vaults_room_pools, ontoclasm_vaults_fault, serial_shops,
          nicolae_shop_behind_doors, uniq_wiglaf
Vaults:2: ontoclasm_vaults_ring_square, v_alt_pattern_6,
          nicolae_vaults_yaktaur_gun_rack, vaults_dpeg_encased_lava,
          grunt_vaults_hallway_short, minmay_crypt_entry_skeletal_spiral,
          v_alt_pattern_2, v_rooms_6, nicolae_vaults_what_the_h,
          hangedman_vaults_stitches, hangedman_vaults_stretched_pinwheel,
          vaults_room_pools, vaults_mumra_chevron, nicolae_vaults_murderbox,
          ontoclasm_vaults_gateway, basic_altar
Vaults:3: hangedman_vaults_unwind, hangedman_vaults_trim, v_misc_25,
          ontoclasm_vaults_shuriken, vaults_room_fours,
          hangedman_vaults_river_flow, hangedman_vaults_stretched_pinwheel,
          hangedman_vaults_maws, hangedman_vaults_stretched_pinwheel,
          hangedman_vaults_locks, nicolae_vaults_theta, vaults_room_semicircle,
          uniq_boris, uniq_xtahua
Depths:1: enter_ziggurat_a, hell_entry, rand_demon_pan_entry_4,
          kennysheep_generic_room_14, serial_bayou_shore_b, uniq_asterion
Depths:2: due_jory_tower, special_room, hell_entry, serial_shops,
          bzr_entry_safe, minmay_statues_item
Depths:3: angbandy_vault, grunt_hell_entry_dis_grunt, rand_demon_pan_entry_3,
          serial_bayou_lagoon_a, serial_shops, nicolae_shop_waterfront,
          kennysheep_mini_moat
Depths:4: radiant_caverns_b_rkd, hell_entry, abyss_entry
Depths:5: evilmike_zot_entry_round, lightli_too_deep, pan_entry,
          serial_bayou_pond_a
Zot:1:    st_stairs_13
Zot:3:    grunt_megastairs_2
Bazaar:   bazaar_minmay_plants
Trove:    trove_library
Ossuary:  ossuary_tomb_1
Bailey:   bailey_axe_1, bailey
Volcano:  volcano_lake

Skill      XL: |  1  2  3  4  5  6  7  8  9 10 11 12 13 14 15 16 17 18 19 20 21 22 23 |
---------------+----------------------------------------------------------------------+-----
Spellcasting   | 3 4 5 6 8 10 11 14 17 18 | 18.0
Conjurations   | 5 6 8 9 11 12 13 15 16 | 16.0
Hexes          | 1 2 3 4 |  4.0
Charms         | 6 |  6.1
Shields        | 3 4 |  4.2
Invocations    | 3 8 10 | 10.6
Fighting       | 4 6 8 9 11 13 15 17 18 | 18.5
Dodging        | 5 7 9 12 14 16 | 16.6
Poison Magic   | 7 10 11 | 11.8
Earth Magic    | 4 7 |  7.1
Armour         | 3 4 8 |  8.5
Evocations     | 3 |  3.5
Translocations | 4 10 14 16 | 16.7
Long Blades    | 10 14 16 | 16.0
Stealth        | |  2.1

Action                   |  1- 3 |  4- 6 |  7- 9 | 10-12 | 13-15 | 16-18 | 19-21 | 22-24 || total
-------------------------+-------+-------+-------+-------+-------+-------+-------+-------++-------
Melee: Short sword       |    21 |   130 |   279 |   333 |   240 |   351 |    49 |       ||  1403
       Staff             |       |       |       |       |       |   125 |     3 |    18 ||   146
       Scimitar          |       |       |       |       |       |       |  1199 |       ||  1199
       Great sword       |       |       |       |       |       |       |   289 |   287 ||   576
 Cast: Magic Dart        |    61 |    37 |    92 |   444 |  1213 |   806 |    10 |       ||  2663
       Searing Ray       |     4 |    20 |    59 |    32 |     5 |       |       |       ||   120
       Dazzling Spray    |     1 |    12 |     5 |     2 |       |       |       |       ||    20
       Iskenderun's Myst |       |       |    11 |    81 |   151 |    55 |     2 |     1 ||   301
       Fulminant Prism   |       |       |     7 |     5 |     4 |       |       |       ||    16
       Iskenderun's Batt |       |       |     4 |    86 |   216 |   129 |     3 |     1 ||   439
       Poison Arrow      |       |       |       |       |    94 |   409 |   393 |   294 ||  1190
       Iron Shot         |       |       |       |       |    16 |   117 |   228 |   211 ||   572
       Passage of Golubr |       |       |       |       |       |       |     3 |    12 ||    15
       Apportation       |       |       |       |       |       |       |     3 |     5 ||     8
       Regeneration      |       |       |       |       |       |       |       |    16 ||    16
       Ozocubu's Armour  |       |       |       |       |       |       |       |     1 ||     1
       Blink             |       |       |       |       |       |       |       |     2 ||     2
       Controlled Blink  |       |       |       |       |       |       |       |    13 ||    13
Invok: Channel Magic     |       |       |     1 |     7 |     5 |    17 |    10 |    11 ||    51
       Divine Energy     |       |       |       |     1 |       |       |       |       ||     1
       Stop Divine Energ |       |       |       |     1 |       |       |       |       ||     1
Evoke: Wand              |       |       |       |     2 |     4 |     7 |     3 |    16 ||    32
       Phial of floods   |       |       |       |       |     1 |     2 |     2 |     3 ||     8
       Sack of spiders   |       |       |       |       |       |     1 |       |     3 ||     4
       Box of beasts     |       |       |       |       |       |     2 |       |     2 ||     4
  Use: Scroll            |       |       |    10 |    17 |    17 |    18 |    27 |    23 ||   112
       Potion            |       |       |       |       |     4 |     8 |    10 |    21 ||    43
 Stab: Sleeping          |     1 |     4 |     1 |     6 |     2 |     2 |     3 |       ||    19
       Invisible         |       |     1 |     3 |       |       |       |       |     1 ||     5
  Eat: Chunk             |     3 |     9 |    22 |    43 |   102 |    79 |    79 |    21 ||   358
       Fruit             |       |       |     1 |     1 |     8 |     1 |     5 |     1 ||    17
       Pizza             |       |       |     1 |     3 |     6 |     1 |     1 |     1 ||    13
       Meat ration       |       |       |       |     3 |     1 |     9 |     4 |     6 ||    23
       Royal jelly       |       |       |       |     3 |     1 |       |     1 |     1 ||     6
       Bread ration      |       |       |       |       |     3 |     3 |     5 |     7 ||    18
       Beef jerky        |       |       |       |       |       |     4 |     6 |     1 ||    11
Armor: Robe              |    14 |    88 |    25 |       |       |       |       |       ||   127
       Leather armour    |       |       |   121 |       |       |       |       |       ||   121
       Steam dragon armo |       |       |    10 |   153 |   333 |   430 |   396 |    64 ||  1386
       Ring mail         |       |       |       |       |       |       |       |   106 ||   106
Dodge: Dodged            |    17 |   163 |   234 |   438 |   775 |  1267 |  1339 |   401 ||  4634
Block: Buckler           |       |       |     7 |   159 |   280 |   381 |   267 |       ||  1094
